Map: Persephone LE

Players

Imperius

  • Race: Terran Terran
  • Spawn Location: 11:00

VOD

Have the link to the VOD?

Description

Time

  • Played on: May 2, 2025, 11:58 p.m.
  • Length: 15:44
Show
View Real Time Build Order
Export as new Build Order

Imperius Terran 

Build Orders:  

Get SALT Encoding   

  12  0:01  SCV  
  13  0:27  SCV  
  14  0:30  Supply Depot  
  14  0:41  Refinery  
  14  0:44  SCV  
  15  1:01  SCV  
  16  1:15  Barracks  
  16  1:18  SCV  
  17  1:40  SCV  
  18  1:57  SCV  
  19  2:14  SCV  
  20  2:22  Supply Depot  
  20  2:39  Barracks Reactor  
  20  2:40  Orbital Command  
  20  3:02  Barracks  
  20  3:19  SCV  
  21  3:20  Command Center  
  21  3:30  Refinery  
  21  3:32  Marine x2  
  21  3:36  SCV  
  24  3:53  SCV  
  24  3:57  Marine  
  26  4:00  Marine  
  27  4:10  SCV  
  28  4:22  Marine  
  28  4:25  Marine  
  28  4:26  Supply Depot  
  30  4:43  SCV  
  31  4:56  Marine x2  
  31  4:57  Marine  
  34  5:00  SCV  
  35  5:15  SCV  
  35  5:17  SCV  
  37  5:21  Marine x2  
  37  5:22  Marine  
  40  5:34  SCV  
  40  5:39  Factory  
  41  5:44  SCV  
  41  5:46  Marine x2  
  41  5:47  Marine  
  45  5:51  SCV  
  46  6:01  SCV  
  46  6:08  SCV  
  48  6:11  Marine x2  
  48  6:17  Supply Depot  
  48  6:18  SCV  
  51  6:34  SCV  
  51  6:35  Marine, SCV  
  54  6:47  Marine  
  56  6:51  SCV  
  56  6:54  Supply Depot  
  57  7:00  Marine  
  57  7:05  Starport  
  57  7:08  Barracks Reactor, SCV  
  58  7:12  Marine  
  59  7:25  Marine  
  59  7:29  SCV, Factory Tech Lab  
  61  7:37  Marine  
  61  7:38  Refinery  
  61  7:39  Orbital Command  
  62  7:50  Marine  
  63  8:02  Marine  
  63  8:04  Supply Depot  
  63  8:09  Medivac  
  66  8:15  Marine  
  67  8:27  Marine, Barracks  
  67  8:29  Marine  
  69  8:30  Marine  
  69  8:37  SCV  
  71  8:40  Marine  
  71  8:42  SCV  
  73  8:51  Supply Depot, Medivac  
  73  8:59  SCV  
  76  9:12  Supply Depot  
  76  9:21  Siege Tank  
  79  9:33  Medivac  
  79  9:37  SCV  
  79  9:39  Refinery  
  82  9:52  Marine x2  
  82  9:53  Marine x3  
  87  10:06  Siege Tank  
  90  10:15  Viking  
  90  10:17  Marine x2  
  94  12:07  Supply Depot  
  94  12:10  Supply Depot  
  94  12:37  Marine x3, Viking, Siege Tank  
  54  13:06  Marine x2  
  54  13:07  Marine x3  
  59  13:19  Viking  
  61  13:22  Siege Tank  
  64  13:31  Marine x2  
  64  13:32  Marine x2  
  68  13:56  Marine  
  68  13:57  Marine x3  
  72  14:01  Viking  
  72  14:07  Siege Tank  
  54  14:36  Marine x2  
  54  14:37  Marine x3  
  52  14:43  Medivac  
  39  14:52  Siege Tank  
  36  15:01  Marine  
  32  15:12  Marine x3  
  32  15:14  Marine  
Tags
 
Add a new tag
Caveats
  • Supply blocks, unpowered buildings, or Contaminate may cause inaccurate times.
  • Supply counts are checked every 10 seconds.